 Dungeon Crawl Stone Soup version 0.25.1-8-g42b30a86e7 (webtiles) character file.

Game seed: 281548135375487993

105 Gabide the Skirmisher (level 5, -1/63 HPs)
             Began as a Human Abyssal Knight on Dec 4, 2020.
             Was a Believer of Lugonu.
             Slain by a gnoll
             ... wielding a +0 spear
              (2 damage)
             ... on level 3 of the Dungeon.
             The game lasted 00:04:35 (2488 turns).

Gabide the Skirmisher (Human Abyssal Knight)        Turns: 2488, Time: 00:04:37

Health: -1/63      AC: 22    Str: 10 (13) XL:     5   Next: 8%
Magic:  6/7        EV:  2    Int: 10 (13) God:    Lugonu [**....]
Gold:   113        SH:  0    Dex: 10 (12) Spells: 4/4 levels left

rFire    . . .     SeeInvis .   a - +2 spear
rCold    . . .     Gourm    .   (no shield)
rNeg     + + +     Faith    .   (armour currently unavailable)
rPois    +         Spirit   .   (helmet currently unavailable)
rElec    .         Reflect  .   (cloak currently unavailable)
rCorr    .         Harm     .   (gloves currently unavailable)
MR       .....     NoTele   +   (boots currently unavailable)
Stlth    +.........             (no amulet)
HPRegen  0.20/turn              d - ring of flight
MPRegen  0.10/turn              (no ring)

@: lethally poisoned (-1 -> -15), tree-form
A: no striking features
a: Depart the Abyss, Bend Space, Renounce Religion


You were on level 3 of the Dungeon.
You worshipped Lugonu.
Lugonu was pleased with you.
You were not hungry.
You were a tree.
You visited 1 branch of the dungeon, and saw 3 of its levels.
You visited the Abyss 1 time.

You collected 113 gold pieces.

Inventory:

Hand Weapons
 a - a +2 spear (weapon)
Armour
 e - a +0 pair of boots (melded)
 g - a +1 ring mail (melded)
 j - a +0 pair of gloves (melded)
Jewellery
 d - a ring of flight (left branch)
Scrolls
 f - a scroll of identify
 n - a scroll of teleportation
Potions
 i - a potion of lignification
Comestibles
 c - 5 rations


   Skills:
 + Level 3.8 Fighting
 + Level 3.1 Polearms
 + Level 2.5 Armour
 + Level 1.3 Dodging
 * Level 2.8 Invocations


You had 4 spell levels left.
You didn't know any spells.
Your spell library was empty.

Dungeon Overview and Level Annotations

Branches:
Dungeon (3/15)

Altars:
Sif Muna


Message History

You closely miss the orc priest.
The orc priest is severely wounded.
* * * LOW HITPOINT WARNING * * *
You feel sick. The orc hits you but does no damage.
The orc priest hits you but does no damage.
You are more poisoned.
You closely miss the orc priest.
The orc priest is severely wounded.
* * * LOW HITPOINT WARNING * * *
You feel sick. The orc hits you but does no damage.
The gnoll hits you but does no damage. The orc hits you with a +0 mace.
* * * LOW HITPOINT WARNING * * *
The orc priest hits you but does no damage.
It was a potion of degeneration.
There was something very wrong with that liquid.
You feel weakened.
You feel dopey.
You feel clumsy.
* * * LOW HITPOINT WARNING * * *
You feel sick. The orc hits you but does no damage.
The gnoll hits you from afar with a +0 spear.
You die...

*,*,,**,*,* #..o........,,,,,,,,
*,*,,**,*,####....#>..#**,,,,,,,,
*,*,,**,*,#.........#.* *,,,,,,,,
,,*,,,,,*,#.#####.#.#,* *,,,,,,,,
*,*,*****,#.#<..#.#.#,* *,,,,,,,,
*,*,,,,,,,#.......#,#,* *********
*,******######.g..#,*,*
*,,,,,,,......Sooo#.#.#
********########♣.....# #.##.#.#
#.#*.#,* #.#*,#** #..,,* ###***


You could see an orc priest, a gnoll, an adder and 2 orcs.

Vanquished Creatures
  4 adders (D:2)
  An ooze (D:2)
  2 worms (D:2)
  2 dart slugs (D:2)
  6 orcs
  6 giant cockroaches (D:2)
  A goblin (D:1)
  3 hobgoblins
  2 jackals (D:2)
  A quokka (D:2)
  8 bats
  4 frilled lizards
  5 kobolds
  3 rats
48 creatures vanquished.

Notes
Turn   | Place    | Note
-------+----------+-------------------------------------------
     0 | Abyss:1  | Gabide the Human Abyssal Knight began the quest for the
                  | Orb.
     0 | Abyss:1  | Reached XP level 1. HP: 18/18 MP: 2/2
    34 | Abyss:1  | Noticed a demonic crawler
    35 | D:1      | Escaped the Abyss
   166 | D:1      | Reached * piety under Lugonu
   236 | D:1      | Reached XP level 2. HP: 24/24 MP: 3/3
   688 | D:1      | You fall into a shaft and drop 1 floor!
   733 | D:2      | Found a shimmering blue altar of Sif Muna.
   768 | D:2      | Reached XP level 3. HP: 10/29 MP: 4/4
  1341 | D:2      | Reached XP level 4. HP: 32/36 MP: 5/5
  2450 | D:3      | Reached XP level 5. HP: 41/42 MP: 7/7
  2458 | D:3      | Reached ** piety under Lugonu
  2487 | D:3      | HP: 3/63 [orc/+0 mace (4)]
  2488 | D:3      | HP: 1/63 [poisoned by an orc priest]
  2488 | D:3      | Slain by a gnoll

Illustrated notes

Levels and vault maps discovered:
D:1:      eino_arrival_water_star, layout_basic, roderic_roman_lattice
D:2:      layout_basic, lemuel_blue_sif_altar, first_ration
D:3:      layout_basic, lemuel_doored_altar, lemuel_round_altar,
          overflow_temple_1_default, st_stairs_8, uniq_robin

Skill      XL: |  1  2  3  4 |
---------------+-------------+-----
Polearms       | 3 |  3.1
Fighting       | |  3.8
Armour         | |  2.5
Dodging        | |  1.3
Invocations    | |  2.8

Action                   |  1- 3 |  4- 6 || total
-------------------------+-------+-------++-------
Melee: Spear             |   105 |   100 ||   205
Invok: Depart the Abyss  |     1 |       ||     1
       Bend Space        |       |     2 ||     2
  Use: Scroll            |     5 |     5 ||    10
       Potion            |       |     3 ||     3
 Stab: Sleeping          |     1 |       ||     1
  Eat: Chunk             |     1 |     4 ||     5
Armor: Leather armour    |     5 |       ||     5
       Ring mail         |    27 |    32 ||    59
       Skin              |       |     7 ||     7
Dodge: Dodged            |    49 |    38 ||    87
